Map: 블랙핑크 - 래더

Players

Zest - Winner!

  • Race: Protoss Protoss
  • Spawn Location: 7:00

ROOTherO (herO)

  • Race: Protoss Protoss
  • League: Grandmaster
  • Spawn Location: 1:00

VOD

Have the link to the VOD?

Description

Time

  • Played on: Dec. 23, 2017, 3:19 a.m.
  • Length: 13:23
Show
View Real Time Build Order
Export as new Build Order

Zest Protoss - Winner!

Build Orders:  

Get SALT Encoding   

  12  0:00  Probe  
  13  0:12  Probe  
  14  0:17  Pylon  
  14  0:25  Probe (Chrono Boost)  
  15  0:37  Gateway, Probe (Chrono Boost)  
  16  0:44  Probe (Chrono Boost)  
  16  0:46  Assimilator  
  17  0:51  Probe (Chrono Boost)  
  17  0:54  Assimilator  
  18  1:03  Probe (Chrono Boost)  
  19  1:11  Gateway, Probe (Chrono Boost)  
  20  1:17  Probe  
  20  1:24  Cybernetics Core  
  21  1:29  Probe  
  22  1:33  Pylon  
  22  1:41  Probe  
  24  1:58  Stalker (Chrono Boost)  
  28  2:06  Shield Battery  
  27  2:11  Pylon  
  27  2:12  Stalker (Chrono Boost)  
  27  2:19  Pylon  
  27  2:32  Pylon  
  27  2:36  Stalker  
  21  2:58  Stalker (Chrono Boost)  
  19  3:24  Probe  
  16  3:36  Probe  
  12  3:56  Probe  
  12  4:15  Probe (Chrono Boost)  
  13  4:26  Probe (Chrono Boost)  
  14  4:32  Probe  
  15  4:44  Probe  
  16  4:56  Probe  
  17  5:08  Probe  
  18  5:20  Probe (Chrono Boost)  
  17  5:32  Probe (Chrono Boost)  
  17  5:35  Adept x2  
  18  5:37  Probe (Chrono Boost)  
  18  5:39  Warp Gate  
  19  5:44  Pylon  
  19  5:48  Probe  
  20  6:00  Probe  
  21  6:06  Stalker  
  21  6:07  Stalker  
  25  6:12  Probe  
  26  6:24  Probe (Chrono Boost)  
  27  6:34  Probe (Chrono Boost)  
  28  6:50  Probe  
  28  6:53  Robotics Facility  
  25  6:59  Stalker x2  
  29  7:03  Probe  
  30  7:12  Shield Battery  
  30  7:15  Probe  
  31  7:25  Gateway  
  31  7:41  Observer (Chrono Boost)  
  32  7:45  Stalker  
  32  7:46  Stalker  
  36  7:55  Warp Prism (Chrono Boost)  
  38  8:19  Observer  
  38  8:21  Pylon  
  38  8:26  Stalker x3  
  45  8:42  Observer  
  45  8:57  Probe  
  46  9:09  Pylon  
  46  9:10  Probe  
  47  9:20  Shield Battery  
  47  9:36  Stalker x2  
  47  9:37  Stalker  
  52  10:13  Adept  
  54  10:21  Pylon  
  54  10:22  Pylon  
  54  10:41  Immortal (Chrono Boost)  
  42  11:06  Twilight Council  
  42  11:13  Immortal (Chrono Boost)  
  46  11:37  Stalker x3  
  46  11:39  Observer  
  52  11:41  Nexus  
  53  11:50  Pylon  
  52  12:03  Probe  
  53  12:16  Probe  
  54  12:30  Probe  
  55  12:42  Probe (Chrono Boost)  
  56  12:57  Probe (Chrono Boost)  
  56  12:58  Probe (Chrono Boost)  
  58  12:59  Adept  
Show
View Real Time Build Order
Export as new Build Order

ROOTherO Protoss 

Build Orders:  

Get SALT Encoding   

  12  0:00  Probe  
  13  0:12  Probe  
  14  0:24  Probe  
  15  0:43  Pylon  
  15  1:01  Gateway  
  15  1:03  Gateway  
  15  1:06  Gateway  
  15  1:08  Gateway  
  15  1:11  Probe  
  16  1:24  Probe  
  17  1:27  Pylon  
  17  1:47  Zealot (Chrono Boost)  
  17  1:49  Zealot (Chrono Boost)  
  23  1:59  Zealot (Chrono Boost)  
  25  2:04  Zealot (Chrono Boost)  
  29  2:13  Zealot (Chrono Boost)  
  29  2:14  Zealot (Chrono Boost)  
  29  2:16  Zealot (Chrono Boost)  
  29  2:18  Pylon  
  31  2:36  Zealot x2  
  35  2:37  Zealot  
  37  2:44  Zealot  
  35  3:09  Zealot (Chrono Boost)  
  35  3:10  Zealot x2 (Chrono Boost)  
  35  3:11  Zealot (Chrono Boost)  
  31  3:22  Cybernetics Core  
  31  3:23  Probe  
  30  3:35  Assimilator, Probe  
  30  3:40  Assimilator  
  27  4:01  Gateway  
  24  4:12  Gateway  
  24  4:15  Probe (Chrono Boost)  
  19  4:17  Shield Battery  
  19  4:18  Shield Battery  
  19  4:27  Probe (Chrono Boost)  
  20  4:32  Probe (Chrono Boost)  
  20  4:34  Shield Battery  
  21  4:41  Probe  
  24  4:56  Shield Battery  
  24  5:05  Probe  
  25  5:13  Stalker  
  23  5:25  Pylon  
  16  5:39  Probe (Chrono Boost)  
  17  5:43  Warp Gate  
  18  5:51  Probe (Chrono Boost)  
  18  5:57  Probe (Chrono Boost)  
  19  6:04  Twilight Council  
  19  6:05  Probe (Chrono Boost)  
  20  6:17  Probe (Chrono Boost)  
  22  6:26  Probe (Chrono Boost)  
  22  6:32  Probe  
  22  6:52  Probe  
  18  7:04  Probe  
  18  7:07  Dark Shrine  
  19  7:16  Probe (Chrono Boost)  
  20  7:26  Probe (Chrono Boost)  
  21  7:31  Probe (Chrono Boost)  
  22  7:43  Pylon  
  23  7:46  Stalker  
  24  7:53  Pylon  
  24  7:55  Probe  
  26  8:19  Dark Templar x2  
  29  8:21  Probe (Chrono Boost)  
  30  8:32  Probe (Chrono Boost)  
  31  8:37  Probe (Chrono Boost)  
  31  8:40  Dark Templar  
  34  8:47  Probe  
  34  8:48  Pylon  
  33  8:57  Blink (Chrono Boost)  
  32  9:09  Stalker  
  32  9:18  Stalker  
  34  9:24  Gateway  
  34  9:33  Stalker  
  36  9:49  Stalker  
  38  9:56  Stalker  
  39  10:23  Pylon  
  35  10:32  Stalker x3  
  22  11:04  Probe  
  23  11:16  Sentry  
  25  11:21  Probe  
  26  11:33  Probe (Chrono Boost)  
  27  11:44  Probe (Chrono Boost)  
  28  11:48  Probe (Chrono Boost)  
  29  11:58  Phoenix  
  29  12:36  Nexus  
  29  12:41  Probe (Chrono Boost)  
  30  12:53  Probe (Chrono Boost)  
  31  13:00  Probe (Chrono Boost)  
  32  13:08  Probe  
Tags
 
Matchup
PvP
Player
ZestherO
Spawn Locations
Cross Positions
Add a new tag
Caveats
  • Supply blocks, unpowered buildings, or Contaminate may cause inaccurate times.
  • Supply counts are checked every 10 seconds.